 Dungeon Crawl Stone Soup version 0.20-a0-642-g4ff03ff (webtiles) character file.

3023 nubinia the Spear-Bearer (level 9, -1/69 HPs)
             Began as a Demonspawn Monk on Feb 14, 2017.
             Was an Elder of Ashenzari.
             Killed from afar by an electric eel (13 damage)
             ... with a bolt of electricity
             ... on level 7 of the Dungeon.
             The game lasted 00:50:14 (9943 turns).

nubinia the Spear-Bearer (Demonspawn Monk)          Turns: 9943, Time: 00:50:15

Health: -1/69      AC: 10    Str: 15    XL:     9   Next: 55%
Magic:  9/9        EV: 17    Int: 11    God:    Ashenzari [****..]
Gold:   410        SH:  6    Dex: 16    Spells: 8/8 levels left

rFire    . . .     SeeInvis +   x - -3 halberd (curse)
rCold    + . .     Gourm    .   q - +3 leather armour (curse)
rNeg     . . .     Faith    .   (shield currently unavailable)
rPois    .         Spirit   .   z - +1 hat
rElec    .         Reflect  .   A - +0 cloak (curse)
rCorr    .         Harm     .   (no gloves)
MR       .....     Clarity  +   h - +1 pair of boots (curse)
Stlth    +++.......             (no amulet)
Regen    0.3/turn               (no ring)
MPRegen  0.2/turn               (no ring)

@: no status effects
A: horns 1, large bone plates 2, cold resistance 1, freezing cloud immunity
a: Curse Item, Scrying, Renounce Religion


You were on level 7 of the Dungeon.
You worshipped Ashenzari.
Ashenzari was greatly pleased with you.
You were not hungry.

You visited 2 branches of the dungeon, and saw 9 of its levels.
You also visited: Sewer.

You collected 410 gold pieces.

Inventory:

Hand Weapons
 a - a +0 spear
 i - a +1 whip of freezing
 l - a cursed +0 hand axe
 m - a +0 whip of flaming
 x - a cursed -3 halberd (weapon)
 H - a +3 halberd of chopping
Armour
 b - a +0 robe
 h - a cursed +1 pair of boots (worn)
 q - a cursed +3 leather armour (worn)
 z - a +1 hat (worn)
 A - a cursed +0 cloak (worn)
 D - the +1 leather armour "Forget-Me-Not" {Int+3 Dex+4}
   (You found it on level 6 of the Dungeon)

   It affects your intelligence (+3).
   It affects your dexterity (+4).
Wands
 G - a wand of iceblast (9/15)
 I - a wand of enslavement (9/24)
Scrolls
 d - 2 scrolls of teleportation
 e - 3 scrolls of remove curse
 g - a scroll of recharging
 p - a scroll of fear
 s - 2 scrolls of immolation
 v - 4 scrolls of identify
 y - 2 scrolls of blinking
Potions
 j - 3 potions of brilliance
 n - 2 potions of cancellation
 o - a potion of agility
 r - 2 potions of heal wounds
 w - a potion of berserk rage {unknown}
 B - a potion of curing
 C - a potion of ambrosia
 K - a potion of flight {unknown}
Books
 F - a book of Necromancy

   Spells                             Type                      Level
   a - Pain                           Necromancy                   1
   b - Animate Skeleton               Necromancy                   1
   c - Vampiric Draining              Necromancy                   3
   d - Regeneration                   Charms/Necromancy            3
   e - Animate Dead                   Necromancy                   4
   f - Control Undead                 Necromancy                   4
Comestibles
 c - 3 bread rations
 f - 11 fruits
 k - 2 chunks of flesh
 t - 2 meat rations
 u - a royal jelly


   Skills:
 + Level 5.8 Fighting
 - Level 1.0 Maces & Flails
 + Level 8.7(13.1) Polearms
 + Level 2.9 Armour
 + Level 6.2(8.5) Dodging
 + Level 4.8(7.0) Stealth


You had 8 spell levels left.
You didn't know any spells.

Dungeon Overview and Level Annotations

Branches:
Dungeon (8/15)             Temple (1/1) D:5            Lair (0/6) D:8

Altars:
Ashenzari
Cheibriados
Elyvilon
Fedhas
Hepliaklqana
Kikubaaqudgha
Makhleb
Nemelex Xobeh
Okawaru
Qazlal
Ru
Sif Muna
Trog
Uskayaw
Vehumet
Xom
Zin
The Shining One


Innate Abilities, Weirdness & Mutations

You have a pair of small horns on your head.
You are mostly covered in large bone plates. (SH +6)
Your flesh is cold resistant. (rC+)
You are immune to freezing clouds.


Message History

The electric eel shoots out a bolt of lightning at you!
The bolt of electricity hits the kobold.
The kobold dies!
The bolt of electricity misses you.
You hit the big kobold but do no damage.
You headbutt the big kobold.
The big kobold is heavily wounded.
The big kobold completely misses you.
You puncture the big kobold!
The big kobold is almost dead.
The big kobold hits you but does no damage.
You slash the big kobold!
You kill the big kobold!
You see here a kobold corpse.
The electric eel shoots out a bolt of lightning at you!
The bolt of electricity hits you!
* * * LOW HITPOINT WARNING * * *
The electric eel shoots out a bolt of lightning at you!
The bolt of electricity hits you!
You die...

* * * # * # ## #
* .# .# *.#
#########<#####
#.......@.....# *
#..†............
, *
#.†)###....###..
* #(.#...#..#...#
#..#.⌠.#..#.⌠.# *
#..#...#≈≈# ..#.*
*,
#..;###≈≈≈≈###≈..
, *,
#...≈≈≈≈≈≈≈≈≈≈...
*** ,
#...≈≈≈≈≈≈≈≈≈≈...
* * ,


You could see an electric eel.

Vanquished Creatures
  An unseen horror (D:7)
  A hippogriff (D:7)
  A yak (D:8)
  An orc warrior (D:8)
  2 phantoms
  2 crocodiles (D:8)
  A centaur (D:5)
  2 big kobolds (D:7)
  4 bullfrogs
  A scorpion (D:5)
  An electric eel (D:7)
  A howler monkey (D:6)
  A bullfrog zombie (D:5)
  3 crimson imps
  A quasit (D:6)
  A centaur zombie (D:6)
  A jelly (D:5)
  A centaur skeleton (D:7)
  3 worker ants
  8 orc wizards
  A hound skeleton (D:6)
  11 gnolls
  20 adders
  A shadow imp (D:5)
  13 oozes
  3 adder zombies
  An adder skeleton (D:6)
  3 worms
  2 dart slugs (D:1)
  14 leopard geckos
  18 orcs
  18 giant cockroaches
  7 hobgoblins
  19 jackals
  4 quokkas
  9 ball pythons (Sewer)
  9 bats
  17 frilled lizards
  11 goblins
  17 kobolds
  2 leopard gecko skeletons
  A quokka skeleton (D:8)
  8 rats
246 creatures vanquished.

Vanquished Creatures (others)
  2 kobolds (D:7)
2 creatures vanquished.

Grand Total: 248 creatures vanquished

Notes
Turn   | Place    | Note
-------+----------+-------------------------------------------
     0 | D:1      | nubinia the Demonspawn Monk began the quest for the Orb.
     0 | D:1      | Reached XP level 1. HP: 18/18 MP: 1/1
    79 | D:1      | Gained mutation: You are partially covered in large bone plates. (SH +4) [demonic ancestry]
    79 | D:1      | Reached XP level 2. HP: 23/24 MP: 2/2
   233 | D:1      | Reached skill level 3 in Polearms
   597 | D:1      | Reached XP level 3. HP: 29/29 MP: 3/3
   732 | D:1      | HP: 1/29 [poisoned by an adder]
  1234 | D:2      | Reached skill level 1 in Maces & Flails
  1925 | D:1      | Reached XP level 4. HP: 20/35 MP: 4/4
  3000 | D:3      | Gained mutation: You are mostly covered in large bone plates. (SH +6) [demonic ancestry]
  3000 | D:3      | Reached XP level 5. HP: 40/41 MP: 5/5
  4412 | D:4      | Found a hazy altar of Hepliaklqana.
  4494 | D:4      | Gained mutation: Your flesh is cold resistant. (rC+) [demonic ancestry]
  4494 | D:4      | Reached XP level 6. HP: 46/47 MP: 6/6
  4627 | D:4      | Found a hide-covered altar of Uskayaw.
  5201 | D:4      | Found a shattered altar of Ashenzari.
  5210 | D:4      | Became a worshipper of Ashenzari the Shackled
  5210 | D:4      | Reached * piety under Ashenzari
  5210 | D:4      | Reached ** piety under Ashenzari
  5493 | D:5      | Entered Level 5 of the Dungeon
  5493 | D:5      | Found a glowing drain.
  5497 | D:5      | Reached skill level 1 in Armour
  5511 | D:5      | Found a staircase to the Ecumenical Temple.
  5565 | Sewer    | Entered a sewer
  5904 | Sewer    | Reached skill level 4 in Polearms
  6373 | Sewer    | Reached XP level 7. HP: 42/53 MP: 7/7
  6841 | D:6      | Reached skill level 5 in Dodging
  6980 | D:6      | Identified the +1 leather armour "Forget-Me-Not" {Int+3 Dex+4}
  7025 | D:6      | Reached *** piety under Ashenzari
  7044 | D:6      | Reached skill level 5 in Polearms
  7189 | Temple   | Entered the Ecumenical Temple
  7508 | D:6      | Gained mutation: You have a pair of small horns on your head. [demonic ancestry]
  7508 | D:6      | Reached XP level 8. HP: 30/61 MP: 8/8
  7803 | D:5      | Noticed a troll
  7874 | D:5      | Found a shattered altar of Ashenzari.
  8195 | D:6      | Found a bloodstained altar of Trog.
  8196 | D:6      | Found an iron altar of Okawaru.
  8534 | D:7      | Noticed an unseen horror
  8572 | D:7      | Killed an unseen horror
  8572 | D:7      | Reached skill level 5 in Fighting
  8572 | D:7      | Reached skill level 6 in Polearms
  8623 | D:7      | Reached skill level 7 in Polearms
  8876 | D:7      | Noticed a hippogriff
  8934 | D:8      | Found a staircase to the Lair.
  8934 | D:8      | Noticed an elephant
  8978 | D:8      | Gained mutation: You are immune to freezing clouds. [demonic ancestry]
  8978 | D:8      | Reached XP level 9. HP: 60/68 MP: 9/9
  9415 | D:8      | Reached skill level 8 in Polearms
  9453 | D:8      | Reached **** piety under Ashenzari
  9943 | D:7      | Killed from afar by an electric eel

Vault maps used:
D:1:      moated_graveyard_arrival
D:2:      kennysheep_six_static_rooms, first_bread
D:4:      lemuel_crystal_altar, lemuel_crystal_altar, evilmike_ruin_ashenzari
D:5:      old_standard_altar, minmay_temple_entry_statues_fountains,
          gup_sewer_entry_glass
D:6:      grunt_temple_overflow_bloody_war
D:7:      nicolae_water_bricks, fountainhead, sigmund_army
D:8:      mumra_celtic_spiral_tile, david_lair_generic,
          hangedman_little_slice_of_home, minmay_holes
Temple:   nicolae_temple_figure_eight
Sewer:    sewer_frog_island_02

Skill      XL: |  1  2  3  4  5  6  7  8  9 |
---------------+----------------------------+-----
Dodging        | 3 4 5 6 |  6.2
Polearms       | 3 4 5 7 8 |  8.7
Stealth        | 2 3 4 |  4.8
Maces & Flails | 1 |  1.0
Armour         | 1 2 |  2.9
Fighting       | 4 5 |  5.8

Action                   |  1- 3 |  4- 6 |  7- 9 || total
-------------------------+-------+-------+-------++-------
Melee: Spear             |    41 |    45 |       ||    86
       Whip              |    82 |   250 |       ||   332
       Halberd           |       |   239 |   481 ||   720
       Headbutt          |       |       |    48 ||    48
Invok: Curse Item        |       |     3 |       ||     3
  Use: Scroll            |     4 |     9 |     7 ||    20
       Potion            |       |     4 |     1 ||     5
 Stab: Sleeping          |     4 |    16 |     8 ||    28
       Invisible         |       |       |     4 ||     4
       Distracted        |       |       |     3 ||     3
  Eat: Chunk             |     2 |    16 |    13 ||    31
Armor: Robe              |    14 |    15 |       ||    29
       Leather armour    |       |    93 |   106 ||   199
       Skin              |       |    10 |       ||    10
Dodge: Dodged            |    51 |   305 |   334 ||   690
Block: Other             |    21 |   150 |   123 ||   294
